 Dungeon Crawl Stone Soup version 0.29-a0-275-g389c0b56f3 (webtiles) character file.

Game seed: 6547187118532764346

56 PaleWalker the Poker (level 3, -8/29 HPs)
             Began as a Merfolk Gladiator on Mar 10, 2022.
             Killed by divine providence
             ... invoked by an orc priest
              (13 damage)
             ... on level 3 of the Dungeon.
             The game lasted 00:02:36 (1772 turns).

PaleWalker the Poker (Merfolk Gladiator)            Turns: 1772, Time: 00:02:36

Health: -8/29      AC:  5    Str: 14    XL:     3   Next: 95%
Magic:  3/3        EV: 13    Int:  7    God:
Gold:   78         SH:  0    Dex: 17    Spells: 2/2 levels left

rFire   . . .      SeeInvis .   a - +0 trident
rCold   . . .      Faith    .   (no shield)
rNeg    . . .      Spirit   .   b - +0 leather armour
rPois   +          Reflect  .   c - +0 helmet
rElec   .          Harm     .   (no cloak)
rCorr   .          Rampage  .   f - +0 pair of gloves
Will    .....                   (no boots)
Stlth   +.........              (no amulet)
HPRegen 0.09/turn               h - ring of poison resistance
MPRegen 0.08/turn               (no ring)

@: no status effects
A: (nimble swimmer 2), mertail
a: no special abilities


You were on level 3 of the Dungeon.
You visited 1 branch of the dungeon, and saw 4 of its levels.

You collected 78 gold pieces.

Inventory:

Hand Weapons
 a - a +0 trident (weapon)
Missiles
 d - 3 throwing nets (quivered)
 e - a javelin
Armour
 b - a +0 leather armour (worn)
 c - a +0 helmet (worn)
 f - a +0 pair of gloves (worn)
Jewellery
 h - a ring of poison resistance (left hand)
 t - a ring of see invisible
Wands
 r - a wand of flame (11)
Scrolls
 i - 3 scrolls of teleportation {unknown}
 j - a scroll of torment {unknown}
 n - 2 scrolls of identify {unknown}
 o - a scroll of fog {unknown}
 q - a scroll of fear {unknown}
Potions
 g - a potion of berserk rage {unknown}
 k - 2 potions of curing {unknown}
 l - a potion of brilliance {unknown}
 m - a potion of resistance {unknown}
 p - a potion of might {unknown}
 s - a potion of heal wounds {unknown}


   Skills:
 + Level 3.1 Fighting
 * Level 5.6 Polearms
 - Level 2.0 Throwing
 - Level 4.0 Dodging


You had 2 spell levels left.
You didn't know any spells.
Your spell library was empty.

Dungeon Overview and Level Annotations

Branches:
Dungeon (4/15)
 Temple: D:4-7

Altars:

Shops:
D:2 *

Annotations:
D:4 Duvessa, Edmund


Innate Abilities, Weirdness & Mutations

((You are very nimble when in or above water. (Stealth+, EV+, Speed+++)))
Your lower body shifts to a powerful aquatic tail in water.


Message History

The orc closely misses you. The orc hits you with a +4 war axe.
The orc attacks as you move away! The orc barely misses you.
The orc attacks as you move away! The orc hits you with a +0 hand axe.
The orc priest calls upon Beogh to heal the orc.
The orc's wounds heal themselves!
You barely miss the orc. The orc hits you with a +0 hand axe.
You hit the orc.
The orc is lightly wounded.
The orc misses you.
You closely miss the orc.
The orc is lightly wounded.
The orc closely misses you.
You hit the orc.
The orc is heavily wounded.
The orc hits you with a +0 hand axe.
You hit the orc.
The orc is heavily wounded.
The orc completely misses you.
You hit the orc.
You kill the orc!
The orc priest mumbles some strange prayers to Beogh against you.
Pain shoots through your body!
* * * LOW HITPOINT WARNING * * *
You hit the orc.
The orc is almost dead.
The orc misses you.
You hit the orc.
You kill the orc!
You puncture the orc priest! Your punch misses the orc priest.
The orc priest is heavily wounded.
The orc priest barely misses you.
You hit the orc priest.
The orc priest is severely wounded.
The orc priest hits you with a +0 falchion.
* * * LOW HITPOINT WARNING * * *
You barely miss the orc priest.
The orc priest is severely wounded.
The orc priest invokes the aid of Beogh against you.
Beogh smites you!
You die...

.. #.# #. # #.# ##. #. #.#
..#######. ##.#
#.........# #..#
####...###..# #.##
#.....).....#######.#####
#.####$####.....#...)....
........o@............>###
.######.####........####
#......######## ..######
##.# #.. ###


You could see an orc priest.

Vanquished Creatures
  An adder (D:3)
  A worm (D:2)
  4 orcs (D:3)
  7 ball pythons
  4 bats
  3 endoplasms
  A giant cockroach (D:1)
  2 hobgoblins
  2 jackals (D:1)
  2 kobolds (D:1)
  2 quokkas (D:1)
  4 frilled lizards
  3 rats
36 creatures vanquished.

Notes
Turn   | Place    | Note
-------+----------+-------------------------------------------
     0 | D:1      | PaleWalker the Merfolk Gladiator began the quest for the
                  | Orb.
     0 | D:1      | Reached XP level 1. HP: 16/16 MP: 1/1
   270 | D:1      | Reached XP level 2. HP: 16/23 MP: 2/2
  1114 | D:2      | Reached skill level 5 in Polearms
  1114 | D:2      | Reached XP level 3. HP: 27/28 MP: 3/3
  1184 | D:2      | Found Nifryb's General Store.
  1425 | D:2      | You fall into a shaft and drop 2 floors!
  1425 | D:4      | Noticed Edmund
  1440 | D:4      | Noticed Duvessa
  1457 | D:4      | Noticed a centaur
  1772 | D:3      | Killed from afar by an orc priest

Illustrated notes

Levels and vault maps discovered:
D:1:      giann_bridges, layout_loops_ring
D:2:      layout_loops_cross, serial_shops, shop, nicolae_grassy_gnolls,
          uniq_terence
D:3:      layout_rooms, lemuel_round_altar, minmay_shallow_snake_nest
D:4:      layout_basic, uniq_edmund, uniq_sigmund, uniq_duvessa

Skill      XL: |  1  2  3 |
---------------+----------+-----
Polearms       | 5 |  5.6
Fighting       | 3 |  3.1
Throwing       | |  2.0
Dodging        | |  4.0

Action                   || total
-------------------------++-------
Melee: Trident           ||   120
       Punch             ||     1
 Stab: Sleeping          ||     1
Armor: Leather armour    ||    34
Dodge: Dodged            ||    95

Table legend: (Time is in decaauts)
 A = Elapsed time spent in this place.
 B = Non-inter-level travel time spent in this place.
 C = Inter-level travel time spent in this place.
 D = Time resting spent in this place.
 E = Time spent auto-exploring this place.
 F = Levels seen in this place.
 G = Mean time per level.
                   A        B        C        D        E       F      G
               +--------+--------+--------+--------+--------+-----+--------+
         Total |   1776 |   1745 |     31 |    106 |   1299 |   4 |  444.0 |
       Dungeon |   1776 |   1745 |     31 |    106 |   1299 |   4 |  444.0 |
               +--------+--------+--------+--------+--------+-----+--------+

Top non-repeatable levels by time:
     D:1: 1043 daAuts
     D:2: 385 daAuts
     D:3: 275 daAuts
     D:4: 71 daAuts
